 Dungeon Crawl Stone Soup version 0.20-a0-949-g916514f (webtiles) character file.

27889 Dipster the Stickfighter (level 13, -13/127 HPs)
             Began as a Minotaur Gladiator on Apr 4, 2017.
             Was a Priest of Wu Jian.
             Killed from afar by a frost giant (40 damage)
             ... with a bolt of cold
             ... on level 8 of the Dungeon.
             The game lasted 00:57:23 (29838 turns).

Dipster the Stickfighter (Minotaur Gladiator)      Turns: 29838, Time: 00:57:23

Health: -13/127    AC: 15    Str: 23 (24) XL:     13   Next: 6%
Magic:  16/16      EV:  9    Int:  5 (6)  God:    Wu Jian [***...]
Gold:   595        SH:  0    Dex: 11 (13) Spells: 12/12 levels left

rFire    + + +     SeeInvis .   U - +2 lajatang (flame)
rCold    x . .     Gourm    .   (shield currently unavailable)
rNeg     . . .     Faith    +   b - +0 fire dragon scales
rPois    .         Spirit   .   c - +2 hat
rElec    .         Reflect  .   X - +0 cloak {rF+}
rCorr    .         Harm     .   B - +0 pair of gloves
MR       +....     Rnd*Rage +   Y - +2 pair of boots
Stlth    ..........             i - amulet of faith
Regen    0.4/turn               R - ring of protection from magic
MPRegen  0.2/turn               O - ring of protection from fire

@: very slightly contaminated, extremely drained, invisible
A: retaliatory headbutt, horns 2, berserk 1, blink, robust 1, strong 1
a: Blink, Renounce Religion


You were on level 8 of the Dungeon.
You worshipped Wu Jian.
Wu Jian was most pleased with you.
You were not hungry.

You visited 3 branches of the dungeon, and saw 15 of its levels.
You also visited: Labyrinth and Volcano.

You collected 859 gold pieces.
You spent 264 gold pieces at shops.

Inventory:

Hand Weapons
 a - a +3 quarterstaff
 U - a +2 lajatang of flaming (weapon)
Missiles
 d - 7 javelins of returning
 f - a throwing net (quivered)
 t - 6 curare-tipped needles
 C - 18 tomahawks
 D - 6 needles of paralysis
Armour
 b - +0 fire dragon scales (worn)
 c - a +2 hat (worn)
 B - a +0 pair of gloves (worn)
 X - a +0 cloak of fire resistance (worn)
 Y - a +2 pair of boots (worn)
Jewellery
 i - an amulet of faith (around neck)
 s - an uncursed ring of magical power
 O - a ring of protection from fire (right hand)
 R - a ring of protection from magic (left hand)
 Z - an uncursed ring of protection from cold
Wands
 L - a wand of flame (31/48)
 T - a wand of iceblast (9/15)
 W - a wand of confusion (14/48)
Scrolls
 n - 4 scrolls of remove curse
 o - a scroll of recharging
 x - a scroll of fear {unknown}
 y - a scroll of fog {unknown}
 A - a scroll of magic mapping
 H - 6 scrolls of teleportation {unknown}
 I - a scroll of enchant armour
 Q - 3 scrolls of blinking {unknown}
Potions
 e - 4 potions of curing
 j - 2 potions of agility
 l - 2 potions of haste
 m - 10 potions of brilliance
 p - a potion of ambrosia
 r - 5 potions of flight
 v - 4 potions of heal wounds
 w - a potion of lignification
 z - a potion of might
 F - a potion of invisibility
 G - a potion of mutation
 M - 3 potions of resistance
Books
 u - a book of Necromancy

   Spells                             Type                      Level
   a - Pain                           Necromancy                   1
   b - Animate Skeleton               Necromancy                   1
   c - Vampiric Draining              Necromancy                   3
   d - Regeneration                   Charms/Necromancy            3
   e - Animate Dead                   Necromancy                   4
   f - Control Undead                 Necromancy                   4
Miscellaneous
 N - a lamp of fire (inert)
Comestibles
 h - 11 royal jellies
 k - 5 fruits
 J - 3 meat rations


   Skills:
 + Level 11.0(0.0) Fighting
 * Level 17.2(0.0) Staves
 - Level 2.0(0.0) Throwing
 + Level 14.0(0.0) Armour
 - Level 3.2(0.0) Dodging
 + Level 5.5(0.0) Evocations


You had 12 spell levels left.
You didn't know any spells.

Dungeon Overview and Level Annotations

Branches:
Dungeon (11/15)            Temple (1/1) D:5            Lair (3/6) D:10
 Shoals (0/4) Lair:3        Snake (0/4) Lair:3
    Orc: D:9-12

Altars:
Ashenzari
Cheibriados
Dithmenos
Elyvilon
Fedhas
Gozag
Hepliaklqana
Kikubaaqudgha
Makhleb
Nemelex Xobeh
Okawaru
Qazlal
Ru
Sif Muna
Trog
Uskayaw
Vehumet
Wu Jian
Xom
Yredelemnul
Zin
The Shining One

Shops:
D:5 !   D:6 :   D:7 :   D:9 (=   D:10 =

Annotations:
D:11 MatthieuS's ghost, journeyman MiBe
Lair:3 exclusion: oklob plant, Sonja


Innate Abilities, Weirdness & Mutations

You reflexively headbutt those who attack you in melee.
You have a pair of horns on your head.
You tend to lose your temper in combat.
You can translocate small distances at will.
You are robust. (+10% HP)
Your muscles are strong. (Str +2)


Message History

Okay, then.
As you read the scroll labeled KOSUFAS ATICS, it crumbles to dust.
It is a scroll of amnesia.
You feel forgetful for a moment.
The slime creature quivers.
Unknown command.
Unknown command.
Unknown command.
The slime creature quivers.
The slime creature quivers. x2
The frost giant casts a spell at you. The bolt of cold hits you!
You feel a terrible chill!
* * * LOW HITPOINT WARNING * * *
Okay, then.
The slime creature quivers. x2
There is an open door here.
The slime creature quivers.
The frost giant points at you and mumbles some strange words.
The bolt of cold hits you!
You feel a terrible chill!
You die...

..#....#......######....###.#.#.#
..#....#................##.#.#.##
..#....#................#.#.#.#..
..#....'................##.#.#.##
..#....#..................#.#.#.#
..#....##'###....###+##..###.###.
..#....#....#....#....#....####..
..#....#....'....#....J..........
.<#....#....#...@#....#..........
..'....'....#....'.CJ.###'#######
..#....##'###....##...##........#
..#....#..>...#####...##........#
..#....#......#........#...##...#
..#....#......#........#...##...#
..#....#......'........#........#
..#....#......#..##...#######...#
..#....#......#..#*##'#,,,,.#####


You could see a frost giant and a slime creature (wandering).

Vanquished Creatures
  A red draconian (Volcano)
  A minotaur (Lab)
  A hydra (Lair:2)
  3 two-headed ogres (D:10)
  The ghost of Guenter the Carver, a journeyman VSWn of Okawaru (D:10)
  A salamander mystic (Volcano)
  2 unseen horrors (Lab)
  The ghost of myxocpahck the Frost Mage, a novice HuIE of Sif Muna (D:8)
  3 salamanders (Volcano)
  4 black mambas
  The ghost of NoxCultor the Cudgeler, a novice MiBe of Trog (D:5)
  6 spiny frogs
  3 komodo dragons
  A queen bee (D:8)
  3 trolls
  3 blink frogs (Lair:2)
  A hornet (D:9)
  A polar bear (Lair:3)
  Grinder (D:6)
  5 hippogriffs
  2 wyverns
  2 basilisks (Lair:2)
  17 yaks
  2 hungry ghosts
  7 water moccasins
  2 hell hounds (Lair:3)
  Duvessa (D:5)
  5 porcupines
  An ice beast (D:5)
  5 orc warriors
  4 sky beasts
  3 black bears
  2 necrophages
  An eye of draining (D:11)
  A hornet zombie (D:10)
  4 ogres
  A phantom (D:8)
  7 crocodiles
  3 centaurs
  A big kobold (D:8)
  Blork the orc (D:5)
  12 bullfrogs
  2 gnoll sergeants
  Dowan (D:5)
  5 scorpions
  40 killer bees
  3 howler monkeys
  A bullfrog zombie (D:4)
  A centaur zombie (D:9)
  3 crimson imps
  8 hounds
  7 orc priests
  2 jellies
  19 orc wizards
  2 bullfrog skeletons
  6 iguanas
  11 worker ants
  2 hell rats (Lair:2)
  4 hound skeletons
  2 worker ant zombies (D:8)
  A howler monkey skeleton (D:11)
  7 gnolls
  19 adders
  10 river rats (Lair:2)
  2 shadow imps (D:8)
  2 adder zombies
  3 adder skeletons
  4 worms
  6 leopard geckos
  40 orcs
  8 giant cockroaches
  16 goblins
  5 hobgoblins
  10 jackals
  6 quokkas
  3 ball pythons
  3 bats
  7 frilled lizards
  11 kobolds
  A quokka skeleton (D:7)
  A quokka zombie (D:5)
  3 rats
  A plant (Lab)
415 creatures vanquished.

Vanquished Creatures (others)
  A plant (Lab)
1 creature vanquished.

Grand Total: 416 creatures vanquished

Notes
Turn   | Place    | Note
-------+----------+-------------------------------------------
     0 | D:1      | Dipster the Minotaur Gladiator began the quest for the Orb.
     0 | D:1      | Reached XP level 1. HP: 18/18 MP: 0/0
   244 | D:1      | Reached skill level 4 in Staves
   276 | D:1      | Reached XP level 2. HP: 21/25 MP: 1/1
   784 | D:2      | Found a faded altar of an unknown god.
   803 | D:2      | Reached skill level 5 in Staves
   803 | D:2      | Reached XP level 3. HP: 22/30 MP: 2/2
  1859 | D:4      | Reached skill level 6 in Staves
  1859 | D:4      | Reached XP level 4. HP: 25/37 MP: 3/3
  2606 | D:4      | Reached skill level 7 in Staves
  2606 | D:4      | Reached XP level 5. HP: 27/42 MP: 4/4
  2788 | D:4      | Reached skill level 8 in Staves
  2788 | D:4      | Reached XP level 6. HP: 50/50 MP: 5/5
  3031 | D:4      | Reached skill level 9 in Staves
  3033 | D:4      | Reached skill level 1 in Armour
  3319 | D:5      | Entered Level 5 of the Dungeon
  3370 | D:5      | Noticed NoxCultor's ghost (novice MiBe)
  3470 | D:5      | Noticed Dowan
  3471 | D:5      | Noticed Duvessa
  3494 | D:5      | Killed Duvessa
  3494 | D:5      | Reached XP level 7. HP: 36/56 MP: 6/6
  3496 | D:5      | Killed Dowan
  3831 | D:5      | Noticed Blork the orc
  3846 | D:5      | Killed Blork the orc
  3911 | D:5      | Found a staircase to the Ecumenical Temple.
  3992 | Temple   | Entered the Ecumenical Temple
  4092 | Temple   | Became a worshipper of the Wu Jian Council
  4129 | D:5      | Reached skill level 10 in Staves
  4405 | D:5      | Found Leajeli's Distillery.
  4440 | D:5      | Killed NoxCultor's ghost
  4440 | D:5      | Reached skill level 5 in Armour
  4440 | D:5      | Reached XP level 8. HP: 43/62 MP: 7/7
  4454 | D:5      | Bought a potion of might for 44 gold pieces
  4454 | D:5      | Bought a potion of heal wounds for 55 gold pieces
  4454 | D:5      | Bought a potion of invisibility for 88 gold pieces
  4454 | D:5      | Bought a potion of curing for 33 gold pieces
  4454 | D:5      | Bought a potion of agility for 44 gold pieces
  4678 | D:5      | Found a bloodstained altar of Trog.
  4835 | D:6      | Noticed Grinder
  4839 | D:6      | Paralysed by Grinder for 5 turns
  4853 | D:6      | Killed Grinder
  4853 | D:6      | Reached skill level 11 in Staves
  5177 | D:6      | Reached * piety under Wu Jian
  5860 | D:6      | Reached XP level 9. HP: 68/68 MP: 8/8
  5985 | D:6      | Found Biczauj's Book Shoppe.
  6214 | D:7      | Reached skill level 12 in Staves
  6390 | D:7      | Found Bekes's Book Emporium.
  6850 | D:8      | Noticed myxocpahck's ghost (novice HuIE)
  6868 | D:8      | Killed myxocpahck's ghost
  6868 | D:8      | Reached ** piety under Wu Jian
  7013 | D:8      | Reached skill level 10 in Armour
  7107 | D:8      | Reached skill level 13 in Staves
  8109 | D:8      | Reached XP level 10. HP: 72/78 MP: 9/9
  8541 | D:8      | Found a bloodstained altar of Trog.
  9003 | D:8      | Reached skill level 5 in Fighting
  9279 | D:9      | Found Venaume's Antique Weapon Shop.
  9497 | D:9      | Found Wehu Mok's Jewellery Shop.
  9584 | D:8      | Reached *** piety under Wu Jian
  9959 | D:9      | Reached skill level 14 in Staves
 10183 | D:10     | Entered Level 10 of the Dungeon
 10247 | D:10     | Noticed a two-headed ogre
 10259 | D:10     | Killed a two-headed ogre
 10464 | D:10     | Found Xaoxixis's Jewellery Emporium.
 10638 | D:10     | Noticed Guenter's ghost (journeyman VSWn)
 10647 | D:10     | Reached XP level 11. HP: 87/92 MP: 10/10
 10697 | D:10     | Killed Guenter's ghost
 10739 | D:10     | Found a staircase to the Lair.
 10803 | D:10     | Noticed a two-headed ogre
 10819 | D:10     | Killed a two-headed ogre
 10957 | D:10     | Reached **** piety under Wu Jian
 11359 | D:10     | Noticed a two-headed ogre
 11367 | D:10     | Killed a two-headed ogre
 11367 | D:10     | Reached skill level 1 in Evocations
 12026 | D:11     | Noticed MatthieuS's ghost (journeyman MiBe)
 12444 | D:11     | Noticed a six-headed hydra
 13378 | Lair:1   | Entered Level 1 of the Lair of Beasts
 13419 | Lair:1   | Reached skill level 15 in Staves
 13429 | Lair:1   | Found a labyrinth entrance.
 13441 | Lab      | Entered a labyrinth
 13553 | Lab      | Killed an unseen horror
 13570 | Lab      | Killed an unseen horror
 13804 | Lab      | Noticed a minotaur
 13809 | Lab      | Killed a minotaur
 13866 | Lab      | Got a shimmering ring mail
 13873 | Lab      | Identified the +2 ring mail "Dilimebao" {+Blink rN+ rCorr} (You found it in a labyrinth)
 15037 | Lair:1   | Reached XP level 12. HP: 105/105 MP: 13/13
 16162 | Lair:2   | Reached skill level 16 in Staves
 16209 | Lair:2   | Reached ***** piety under Wu Jian
 16209 | Lair:2   | Reached skill level 10 in Fighting
 17039 | Lair:1   | Got an encrusted war axe
 17258 | Lair:3   | Found a dark tunnel.
 17276 | Volcano  | Entered a volcano
 17620 | Volcano  | Noticed a red draconian
 17638 | Volcano  | Killed a red draconian
 17940 | Lair:3   | Found a staircase to the Shoals.
 18152 | Lair:3   | Found a staircase to the Snake Pit.
 18157 | Lair:3   | Reached skill level 5 in Evocations
 18232 | Lair:3   | Noticed Sonja
 19589 | D:5      | Found a staircase to the Ecumenical Temple.
 19664 | D:5      | Found a bloodstained altar of Trog.
 19855 | D:5      | Found Leajeli's Distillery.
 20399 | D:6      | Found Biczauj's Book Shoppe.
 20552 | D:7      | Gained mutation: You have large cloven feet. [mutagenic meat]
 20553 | D:7      | Gained mutation: You evolve. [mutagenic meat]
 20762 | D:7      | Found Bekes's Book Emporium.
 21171 | D:8      | Gained mutation: Your magical capacity is low. (-10% MP) [evolution]
 21257 | D:8      | Found a bloodstained altar of Trog.
 21786 | D:9      | Found Venaume's Antique Weapon Shop.
 21795 | D:9      | Found Wehu Mok's Jewellery Shop.
 21989 | D:9      | Found Wehu Mok's Jewellery Shop.
 22994 | Lair:1   | Reached skill level 17 in Staves
 23140 | Lair:2   | Lost mutation: Your magical capacity is low. (-10% MP) [potion of mutation]
 23140 | Lair:2   | Lost mutation: You have large cloven feet. [potion of mutation]
 23140 | Lair:2   | Lost mutation: You evolve. [potion of mutation]
 23140 | Lair:2   | Gained mutation: Your flesh is cold resistant. (rC+) [potion of mutation]
 23140 | Lair:2   | Gained mutation: Your body sometimes deteriorates upon taking damage. [potion of mutation]
 23140 | Lair:2   | Gained mutation: You occasionally shout uncontrollably at your foes. [potion of mutation]
 23140 | Lair:2   | Gained mutation: You have sharp fingernails. [potion of mutation]
 23141 | Lair:2   | Lost mutation: Your flesh is cold resistant. (rC+) [potion of mutation]
 23141 | Lair:2   | Lost mutation: You occasionally shout uncontrollably at your foes. [potion of mutation]
 23141 | Lair:2   | Lost mutation: You have sharp fingernails. [potion of mutation]
 23141 | Lair:2   | Lost mutation: Your body sometimes deteriorates upon taking damage. [potion of mutation]
 23141 | Lair:2   | Gained mutation: You tend to lose your temper in combat. [potion of mutation]
 23141 | Lair:2   | Gained mutation: You are robust. (+10% HP) [potion of mutation]
 23141 | Lair:2   | Gained mutation: Your muscles are strong. (Str +2) [potion of mutation]
 23141 | Lair:2   | Gained mutation: You can translocate small distances at will. [potion of mutation]
 26409 | Lair:2   | Noticed an eight-headed hydra
 26424 | Lair:2   | Killed a four-headed hydra
 26424 | Lair:2   | Reached XP level 13. HP: 77/126 MP: 16/16
 27591 | Lair:2   | Noticed a dire elephant
 27762 | D:9      | Found Wehu Mok's Jewellery Shop.
 27776 | D:9      | Found Venaume's Antique Weapon Shop.
 28266 | D:8      | Found a bloodstained altar of Trog.
 29829 | D:8      | Noticed a frost giant
 29838 | D:8      | Killed from afar by a frost giant

Vault maps used:
D:1:      saegor_arrival_simple_e
D:2:      first_bread, chequers_ecumenical_altar_island
D:3:      kennysheep_generic_room_6
D:4:      cheibrodos_greedy_goblins
D:5:      temple_pool_b, serial_shops, nicolae_shop_behind_doors,
          trog_hazing_becter, uniq_duvessa, uniq_blork_the_orc
D:6:      serial_shops, nicolae_shop_crystal, glass_columns_a,
          kennysheep_generic_room_15, uniq_grinder
D:7:      serial_shops, shop
D:8:      lightli_temple_of_fire, david_nohive_1, minivault_27, eino_jars
D:9:      serial_shops, shop, shop
D:10:     cheibrodos_helix_gallery, lair_entry_dummy, serial_shops, shop
D:11:     uniq_erica
Temple:   grunt_wide_crystal_templ
Lair:1:   lab_entry_generic
Lair:2:   kennysheep_rathole
Lair:3:   elwin_shoals_entry_rocks, minmay_snake_entry_six_corridors,
          enter_volcano_3, minmay_lair_oklob_chamber, uniq_sonja
Lab:      labyrinth_mini_lab, nicolae_lab_arrow, nicolae_lab_stuck,
          nicolae_lab_grate, nicolae_lab_garden
Volcano:  volcano_pools

Skill      XL: |  1  2  3  4  5  6  7  8  9 10 11 12 13 |
---------------+----------------------------------------+-----
Staves         | 4 5 6 7 8 9 10 11 13 14 15 17 | 17.2
Armour         | 2 5 8 10 11 13 14 | 14.0
Fighting       | 3 7 9 10 11 | 11.0
Evocations     | 3 5 |  5.5
Throwing       | |  2.0
Dodging        | |  3.2

Action                   |  1- 3 |  4- 6 |  7- 9 | 10-12 | 13-15 || total
-------------------------+-------+-------+-------+-------+-------++-------
Melee: Quarterstaff      |    87 |   134 |   330 |   810 |       ||  1361
       Headbutt          |     5 |    21 |    50 |   217 |    13 ||   306
       Lajatang          |       |       |       |   260 |    57 ||   317
Throw: Throwing net      |       |       |       |     3 |       ||     3
Invok: Serpent's Lash    |       |       |       |     7 |       ||     7
Evoke: Wand              |       |       |       |     8 |       ||     8
       Lamp of fire      |       |       |       |     1 |       ||     1
       Box of beasts     |       |       |       |     1 |       ||     1
  Use: Scroll            |       |     7 |       |    13 |     1 ||    21
       Potion            |       |       |     2 |    21 |     1 ||    24
  Eat: Chunk             |     3 |     4 |     6 |    24 |       ||    37
       Bread ration      |       |     1 |     2 |     7 |       ||    10
       Meat ration       |       |       |       |     1 |     2 ||     3
       Royal jelly       |       |       |       |       |     1 ||     1
Armor: Leather armour    |     4 |       |       |       |       ||     4
       Scale mail        |    30 |    39 |    63 |   270 |       ||   402
       Chain mail        |       |       |    64 |       |       ||    64
       Ring mail         |       |       |       |    67 |       ||    67
       Fire dragon scale |       |       |       |   273 |    34 ||   307
Dodge: Dodged            |    45 |    57 |   138 |   469 |    52 ||   761
